 Dungeon Crawl Stone Soup version 0.28-b1-1-g3c77fb2ed1 (webtiles) character file.

Game seed: 9715254305330245328

55 Descartes the Ducker (level 3, 0/16 HPs)
             Began as a Felid Warper on Jan 28, 2022.
             Slain by a goblin (4 damage)
             ... led by Robin
             ... on level 2 of the Dungeon.
             The game lasted 00:03:31 (3494 turns).

Descartes the Ducker (Felid Warper)                 Turns: 3494, Time: 00:03:31

Health: 0/16       AC:  1    Str:  9    XL:     3   Next: 67%
Magic:  7/7        EV: 19    Int: 14    God:
Gold:   17         SH:  0    Dex: 15    Spells: 6/6 levels left
                                        Lives:  0   Deaths: 0

rFire   . . .      SeeInvis +     - Unarmed
rCold   . . .      Faith    .   (shield unavailable)
rNeg    . . .      Spirit   .   (armour unavailable)
rPois   .          Reflect  .   (helmet unavailable)
rElec   .          Harm     .   (cloak unavailable)
rCorr   .          Rampage  .   (gloves unavailable)
Will    .....                   (boots unavailable)
Stlth   +.........              (no amulet)
HPRegen 0.05/turn               (no ring)
MPRegen 0.10/turn               (no ring)

@: quick
A: very small, claws 1, fangs 3, see invisible, speed 1, shaggy fur 1, stealthy
paws, no weapons or thrown items, no armour, multi-lived
a: no special abilities


You were on level 2 of the Dungeon.
You visited 1 branch of the dungeon, and saw 2 of its levels.

You collected 17 gold pieces.

Inventory:

Missiles
 d - 36 stones
Scrolls
 a - a scroll of blinking
 c - a scroll of immolation {unknown}
 h - a scroll of identify {unknown}
 i - a scroll of silence {unknown}
 j - 2 scrolls of fear {unknown}
Potions
 b - a potion of mutation {unknown}
 e - a potion of degeneration {unknown}
 f - a potion of resistance {unknown}
 g - a potion of curing {unknown}
 k - a potion of attraction {unknown}


   Skills:
 - Level 2.0 Fighting
 + Level 5.7 Dodging
 - Level 2.0 Unarmed Combat
 - Level 2.0 Spellcasting
 - Level 4.4 Translocations


You had 6 spell levels left.
You didn't know any spells.
Your spell library contained the following spells:

 Spells                   Type           Power      Damage    Failure   Level
 Blink                    Tloc           26%        N/A       6%          2
 Gell's Gravitas          Tloc           13%        N/A       12%         3
 Lesser Beckoning         Tloc           13%        N/A       12%         3
 Teleport Other           Tloc           13%        N/A       12%         3
 Manifold Assault         Tloc           13%        N/A       73%         5
 Conjure Ball Lightning   Conj/Air       0%         3x3d6     100%        6
 Discord                  Hex            0%         N/A       100%        8
 Disjunction              Tloc           6%         N/A       100%        8


Dungeon Overview and Level Annotations

Branches:
Dungeon (2/15)

Altars:

Annotations:
D:2 Robin


Innate Abilities, Weirdness & Mutations

You have sharp claws.
You have razor-sharp teeth.
You have supernaturally acute eyesight. (SInv)
You cover ground quickly. (Speed+)
You are covered in fur. (AC +1)
Your paws help you pounce on unaware monsters.
You are incapable of wielding weapons or throwing items.
You cannot wear armour.
You gain extra lives every three experience levels.


Message History

No target in view!
Things that are here:
a +0 flail; a +0 leather armour
There is a stone staircase leading down here.
j - 2 scrolls labelled ATEIXE ROAHOTS (gained 1) Robin of the Strong Arm comes into view.
They are wielding a +0 spear.
A hobgoblin and 3 goblins come into view.
A goblin is wielding a +1 dagger of venom.
Robin shouts!
The goblin shouts! x2; The hobgoblin shouts!
You hear a shout! x4
Robin's horned helmet rattles.
Robin barely misses you.
A goblin comes into view. It is wielding a +0 club.
The goblin shouts!
The goblin shouts! x2
You scratch Robin but do no damage. Robin hits you with a +0 spear.
You closely miss Robin. Robin throws the goblin at you!
You scratch Robin but do no damage. You claw Robin, but do no damage.
Your bite misses Robin. The goblin completely misses you.
Robin throws the goblin at you!
You scratch Robin but do no damage. The goblin barely misses you.
The goblin misses you.
A hobgoblin comes into view.
You closely miss Robin. The goblin completely misses you.
The goblin hits you with a +0 dagger. Robin throws the goblin at you!
A hobgoblin comes into view.
You are too injured to fight recklessly!
You are too injured to fight recklessly!
You are too injured to fight recklessly!
The hobgoblin shouts!
You scratch the goblin.
You kill the goblin!
The goblin completely misses you. x2
Robin says, "Duck!"
Robin throws the goblin at you! The goblin hits you with a +0 club.
* * * LOW HITPOINT WARNING * * *
The goblin misses you. Robin barely misses you. The goblin misses you.
Robin throws the goblin at you! The goblin misses you.
The goblin hits you with a +0 dagger.
You die...

##### #### #...# #.. #...# #.##
###...######.#.
###################.......[......
................g...#...######.#.
................@g......######รท#.
.................g.......#.....#.
>................).g#.......#.##.
)##################ggg...........
.# ######## #gg.........##. .#
#......# #........#..... .#
#......# #..g######.#.#. .#
#......# #g.........#...
.###......#########....####..#.#.


You could see Robin, 3 hobgoblins and 6 goblins.

Vanquished Creatures
  A worm (D:2)
  An orc (D:2)
  7 ball pythons
  3 bats
  4 endoplasms
  A giant cockroach (D:2)
  4 hobgoblins (D:1)
  6 jackals
  4 kobolds
  A quokka (D:2)
  2 frilled lizards (D:1)
  6 goblins
  6 rats
46 creatures vanquished.

Notes
Turn   | Place    | Note
-------+----------+-------------------------------------------
     0 | D:1      | Descartes the Felid Warper began the quest for the Orb.
     0 | D:1      | Reached XP level 1. HP: 9/9 MP: 4/4
   508 | D:1      | Reached skill level 4 in Dodging
   774 | D:1      | You fall into a shaft and drop 1 floor!
   878 | D:1      | Reached XP level 2. HP: 6/13 MP: 6/6
  1953 | D:1      | Reached skill level 5 in Dodging
  1958 | D:1      | Reached XP level 3. HP: 8/16 MP: 7/7
  3484 | D:2      | Noticed Robin
  3494 | D:2      | Slain by a goblin

Illustrated notes

Levels and vault maps discovered:
D:1:      dpeg_arrival_court, layout_basic, minmay_shallow_snake_nest
D:2:      layout_basic, hellmonk_ecumenical_altar_defaced_shrine, uniq_sigmund,
          uniq_robin

Skill      XL: |  1  2 |
---------------+-------+-----
Dodging        | 4 5 |  5.7
Fighting       | |  2.0
Unarmed Combat | |  2.0
Spellcasting   | |  2.0
Translocations | |  4.4

Action                   || total
-------------------------++-------
Melee: Unarmed           ||   166
       Bite              ||    21
       Punch             ||     7
 Stab: Sleeping          ||     2
Armor: Skin              ||     4
Dodge: Dodged            ||   171
